 Dungeon Crawl Stone Soup version 0.28-a0-447-g1f95980246 (webtiles) character file.

Game seed: 7564637748894743961

139574 frimble the Peltast (level 17, -26/115 HPs)
             Began as an Octopode Warper on Sept 12, 2021.
             Was the Champion of Cheibriados.
             Annihilated by a naga warrior (54 damage)
             ... on level 1 of the Snake Pit.
             The game lasted 01:00:42 (28570 turns).

frimble the Peltast (Octopode Warper)              Turns: 28570, Time: 01:00:43

Health: -26/115    AC: 13    Str: 39    XL:     17   Next: 28%
Magic:  13/24      EV: 21    Int: 41    God:    Cheibriados [******]
Gold:   1451       SH: 16    Dex: 29    Spells: 13/24 levels left

rFire   . . .      SeeInvis .   a - +5 rapier (vamp)
rCold   + . .      Faith    .   B - +0 kite shield
rNeg    . . .      Spirit   .   (helmet restricted)
rPois   +          Reflect  .   f - amulet of regeneration
rElec   .          Harm     .   e - +4 ring of protection
rCorr   +          Rampage  .   i - +4 ring of protection
Will    ++...                   R - +6 ring of intelligence
Stlth   +++++++...              z - +6 ring of strength
HPRegen 1.29/turn               E - ring "Symenn" {rPois rC+ rCorr Str+2}
MPRegen 0.19/turn               L - ring of willpower
                                F - +6 ring of strength
                                X - +4 ring of protection

@: studying Staves, very slow
A: almost no armour, amphibious, 8 rings, camouflage 1, gelatinous body 1,
(nimble swimmer 1), tentacles
a: Renounce Religion, Bend Time, Temporal Distortion, Slouch, Step From Time


You were on level 1 of the Snake Pit.
You worshipped Cheibriados.
Cheibriados was exalted by your worship.
You visited 5 branches of the dungeon, and saw 25 of its levels.
You also visited: Sewer, Gauntlet, Ice Cave and Volcano.

You collected 2701 gold pieces.
You spent 1250 gold pieces at shops.

Inventory:

Hand Weapons
 a - a +5 vampiric rapier (weapon)
 M - the +8 demon trident "Rift" {distort, reach+}
   (You found it in a Gauntlet)

   It warps and distorts space around it, and may blink, banish, or inflict
   extra damage upon those it strikes.
   Unwielding it can cause banishment or high damage.
   It can reach especially far, and its reaching attacks ignore other creatures
   in the way.
Missiles
 c - 15 boomerangs of dispersal
 l - 3 throwing nets
 r - 41 boomerangs
 t - 77 poisoned darts
 A - 8 silver javelins
 I - 10 javelins (quivered)
Armour
 B - a +0 kite shield (worn)
Jewellery
 e - a +4 ring of protection (left tentacle)
 f - an amulet of regeneration (around mantle)
 i - a +4 ring of protection (right tentacle)
 w - a ring of positive energy
 z - a +6 ring of strength (on tentacle)
 E - the ring "Symenn" (on tentacle) {rPois rC+ rCorr Str+2}
   (You acquired it on level 4 of the Dungeon)

   [ring of poison resistance]

   Str:       It affects your strength (+2).
   rC:        It protects you from cold.
   rPois:     It protects you from poison.
   rCorr:     It protects you from acid and corrosion.
 F - a +6 ring of strength (on tentacle)
 L - a ring of willpower (on tentacle)
 R - a +6 ring of intelligence (on tentacle)
 X - a +4 ring of protection (on tentacle)
Wands
 q - a wand of polymorph (21)
 C - a wand of charming (25)
 D - a wand of iceblast (9)
 G - a wand of mindburst (23)
 N - a wand of paralysis (14)
 S - a wand of flame (38)
Scrolls
 j - 6 scrolls of teleportation
 k - a scroll of fear
 m - 3 scrolls of blinking
 o - 3 scrolls of fog
 u - 10 scrolls of identify
 v - a scroll of silence
 y - 4 scrolls of enchant armour
 K - 2 scrolls of immolation
 P - a scroll of amnesia
 V - 2 scrolls of vulnerability
 W - 3 scrolls of torment
 Y - 2 scrolls of holy word
Potions
 b - 3 potions of magic
 d - 9 potions of heal wounds
 g - 3 potions of attraction
 n - 9 potions of flight
 p - 4 potions of lignification
 s - 3 potions of mutation
 x - a potion of ambrosia
 H - 3 potions of brilliance
 Q - 6 potions of might
 T - 2 potions of cancellation
 U - 3 potions of resistance
 Z - 2 potions of curing
Miscellaneous
 h - a tin of tremorstones (inert)
 J - a box of beasts (inert)
 O - a phantom mirror (inert)


   Skills:
 - Level 10.0 Fighting
 - Level 14.0 Short Blades
 - Level 6.0 Bows
 + Level 7.1 Throwing
 + Level 7.7 Dodging
 - Level 12.0 Stealth
 - Level 15.0 Shields
 - Level 4.0 Spellcasting
 - Level 5.0 Translocations
 + Level 6.2 Transmutations
 + Level 6.2 Earth Magic
 + Level 10.6 Invocations
 - Level 6.0 Evocations


You had 13 spell levels left.
You knew the following spells:

 Your Spells              Type           Power      Damage    Failure   Level
a - Blink                 Tloc           N/A        N/A       1%          2
b - Teleport Other        Tloc           49%        N/A       1%          3
c - Statue Form           Tmut/Erth      37%        N/A       34%         6

Your spell library contained the following spells:

 Spells                   Type           Power      Damage    Failure   Level
 Apportation              Tloc           98%        N/A       1%          1
 Beastly Appendage        Tmut           100%       N/A       1%          1
 Wereblood                Tmut           56%        N/A       1%          2
 Gell's Gravitas          Tloc           24%        N/A       1%          3
 Lesser Beckoning         Tloc           49%        N/A       1%          3
 Spider Form              Tmut/Pois      16%        N/A       2%          3
 Ensorcelled Hibernation  Hex/Ice        16%        N/A       4%          2
 Scorch                   Fire           16%        2d5       4%          2
 Lee's Rapid Deconstruct  Erth           28%        3d16*     6%          5
 Frozen Ramparts          Ice            16%        1d3       9%          3
 Tukima's Dance           Hex            8%         N/A       9%          3
 Ice Form                 Ice/Tmut       33%        N/A       9%          4
 Leda's Liquefaction      Hex/Erth       16%        N/A       9%          4
 Manifold Assault         Tloc           49%        N/A       11%         5
 Alistair's Intoxication  Tmut/Pois      22%        N/A       24%         5
 Flame Wave               Conj/Fire      8%         3d4       30%         4
 Summon Ice Beast         Ice/Summ       8%         N/A       30%         4
 Summon Forest            Summ/Tloc      14%        N/A       30%         5
 Fireball                 Conj/Fire      4%         3d4       63%         5
 Freezing Cloud           Conj/Ice/Air   4%         6-21      63%         5
 Iskenderun's Battlesphe  Conj           8%         2d6       63%         5
 Eringya's Noxious Bog    Tmut/Pois      16%        N/A       78%         6
 Iron Shot                Conj/Erth      16%        9d4       78%         6
 Conjure Ball Lightning   Conj/Air       4%         3x3d6     99%         6
 Invisibility             Hex            4%         N/A       99%         6
 Simulacrum               Ice/Necr       4%         N/A       99%         6
 Summon Cactus Giant      Summ           4%         N/A       99%         6
 Orb of Destruction       Conj           4%         9d2       100%        7
 Spellforged Servitor     Conj/Summ      4%         N/A       100%        7
 Summon Hydra             Summ           4%         N/A       100%        7
 Discord                  Hex            4%         N/A       100%        8
 Disjunction              Tloc           24%        N/A       100%        8
 Polar Vortex             Ice            4%         N/A       100%        9


Dungeon Overview and Level Annotations

Branches:
Dungeon (15/15)            Temple (1/1) D:4            Lair (6/6) D:10
 Shoals (0/4) Lair:2        Snake (1/4) Lair:2        Slime (0/5) Lair:6
    Orc (2/2) D:10            Elf (0/3) Orc:2        Vaults (0/5) D:14
  Sewer (visited)           IceCv (visited)         Volcano (visited)
Gauntlet (visited)
 Depths: D:15

Altars:
Ashenzari
Cheibriados
Dithmenos
Elyvilon
Fedhas
Gozag
Hepliaklqana
Kikubaaqudgha
Makhleb
Nemelex Xobeh
Okawaru
Qazlal
Ru
Sif Muna
Trog
Uskayaw
Vehumet
Wu Jian
Yredelemnul
Zin
The Shining One
Beogh
Jiyva

Shops:
D:2 ((::   D:4 ?   D:5 *   D:10 [   D:15 ?   Orc:2 (*[:

Annotations:
D:4 2 transporters, Maimakterion's ghost, amateur DsCK
D:7 1 runed translucent door, Crazy Yiuf
D:15 exclusions: withered plant and 2 more exclusions
Lair:3 3 runed translucent doors, mathmaestro's ghost, journeyman TrMo
Lair:5 Rupert
Lair:6 1 runed translucent door


Innate Abilities, Weirdness & Mutations

You cannot wear most types of armour.
You are amphibious.
You can wear up to eight rings at the same time.
Your skin changes colour to match your surroundings (Stealth+).
Your rubbery body absorbs attacks. (AC +1, EV +1)
((You are camouflaged near water. (Stealth+)))
You have tentacles for arms and can constrict up to eight enemies at once.


Message History

You puncture the naga warrior!
You feel better.
The naga warrior is severely wounded.
You completely miss the naga warrior. You squeeze the naga warrior!
The naga warrior is severely wounded.
The naga warrior roars a battlecry!
The naga sharpshooter goes into a battle-frenzy!
You hit the naga warrior but do no damage.
You squeeze the naga warrior!
The naga warrior is almost dead.
The naga warrior spits poison at you. The splash of poison hits you.
You resist.
The naga sharpshooter spits poison at you.
You block the splash of poison.
You impale the naga warrior!!
You kill the naga warrior!
Cheibriados thoroughly appreciates the change of pace.
The naga warrior spits poison at you. You block the splash of poison.
Aiming: Iceblast
Press: ? - help, Shift-Dir - straight line The mass of ice explodes!
The iceblast engulfs the naga sharpshooter!
The naga sharpshooter is almost dead.
The iceblast engulfs the naga warrior!!
The naga warrior is severely wounded.
The naga sharpshooter shoots a bolt.
The bolt hits you!!
* * * LOW HITPOINT WARNING * * *
Unknown command.
Aiming: Iceblast
Press: ? - help, Shift-Dir - straight line
Okay, then.
Unknown command.
You can feel time thicken for a moment.
You kill the naga sharpshooter!
Cheibriados appreciates the change of pace.
The naga sharpshooter casts a spell.
The naga sharpshooter magically shoots a bolt.
You block the bolt.
The naga warrior hits you with a +0 scimitar!!!
You die...

.........# .........#
#...)....# ##......N#
......)))####### #.
......†N.##....## #.
...#.>...#.)....###.##
##..)..)..........# ###
##...N@.....# ..# #..
##......$.#####.## #.#
###.####.#####.)..###.#
#..........).......##..
#....###.....#.....##.#
####. #.#####))......#
.###.######....##..
#.....###.##....#
#!........##.....


You could see a naga warrior (strong, catching breath) and a naga sharpshooter
(strong, catching breath).

Vanquished Creatures
  A shard shrike (IceCv)
  Jorgrun (Orc:2)
  An orc warlord (Orc:2)
  Nessos (D:12)
  Azrael (Orc:2)
  A white draconian (IceCv)
  A minotaur (Gauntlet)
  A fire dragon (Volcano)
  Josephine (Lair:5)
  4 hydras
  Fannar (Lair:2)
  2 catoblepae
  An ice dragon (IceCv)
  A naga warrior (Snake:1)
  4 centaur warriors
  4 boulder beetles
  A merfolk avatar (Lair:6)
  2 ironbound frosthearts (IceCv)
  2 dancing weapons (D:14)
  6 death yaks (Lair:6)
  3 tengu warriors
  4 two-headed ogres
  2 naga sharpshooters (Snake:1)
  The ghost of porpoise the Jinx, a journeyman DECj of Vehumet (D:10)
  An orc high priest (Orc:2)
  Nergalle (Orc:2)
  3 skeletal warriors (D:12)
  3 sea snakes (Lair:6)
  An orange crystal statue (IceCv)
  5 lindwurms
  A deep elf pyromancer (D:14)
  2 oklob plants
  3 harpies (Lair:6)
  3 orc knights (Orc:2)
  3 manticores
  3 orc sorcerers (Orc:2)
  2 salamanders (Snake:1)
  38 ugly things
  4 cyclopes
  8 elephants
  12 black mambas
  Joseph (D:7)
  A guardian serpent (Snake:1)
  A naga mage (Snake:1)
  2 torpor snails (Lair:6)
  A smoke demon (Volcano)
  17 cane toads
  5 kobold demonologists
  9 komodo dragons
  2 unseen horrors
  18 rime drakes
  3 gargoyles
  Maggie (D:9)
  An ice devil (Gauntlet)
  An efreet (D:13)
  2 freezing wraiths (D:12)
  A yaktaur (D:14)
  7 trolls
  A tengu conjurer (D:14)
  A meliai (D:10)
  18 polar bears
  2 hornets (Lair:6)
  13 dream sheep
  33 blink frogs
  7 slime creatures (D:13)
  8 wraiths
  2 snapping turtles (Lair:6)
  A redback (Gauntlet)
  A centaur simulacrum (D:11)
  43 yaks
  6 wyverns
  4 basilisks
  2 fire elementals (Orc:2)
  A golden eye (shapeshifter) (D:15)
  4 steam dragons
  7 nagas (Snake:1)
  18 vampire mosquitoes
  4 wargs (Orc:2)
  7 hell hounds
  4 acid dragons
  24 water moccasins
  28 orc warriors
  2 sky beasts
  2 ice beasts
  5 black bears
  7 ogres
  2 necrophages (D:6)
  12 wolves
  20 centaurs
  2 phantoms
  8 kobold brigands
  19 bullfrogs
  Blork the orc (Orc:2)
  A gnoll sergeant (D:12)
  A scorpion (D:6)
  A water moccasin skeleton (D:5)
  11 killer bees (D:10)
  10 howler monkeys
  A vampire bat (Lair:6)
  7 wights
  An electric eel (Lair:5)
  A bullfrog zombie (D:6)
  3 centaur zombies
  17 orc priests
  2 bullfrog skeletons
  3 hounds
  2 centaur skeletons
  16 orc wizards
  2 iguanas
  A scorpion zombie (D:5)
  A howler monkey zombie (D:11)
  A howler monkey skeleton (D:6)
  4 adders
  4 gnolls (D:12)
  A shadow imp (D:6)
  5 white imps
  An ufetubus (D:7)
  3 worms
  A dart slug (D:3)
  70 orcs
  15 endoplasms
  3 giant cockroaches
  5 goblins
  3 hobgoblins
  4 jackals (Sewer)
  7 quokkas
  13 ball pythons
  18 bats
  2 frilled lizards
  12 kobolds
  A rat (D:2)
  A plant (Lair:1)
787 creatures vanquished.

Vanquished Creatures (collateral kills)
  An entropy weaver (Gauntlet)
  2 hydras
  An ironbound frostheart (IceCv)
  A skeletal warrior (D:12)
  2 polar bears (IceCv)
  A centaur simulacrum (Gauntlet)
  An orc warrior (Orc:2)
  A sky beast (D:5)
  2 orc wizards (Orc:2)
12 creatures vanquished.

Vanquished Creatures (others)
  5 bushes (Lair:6)
  60 fungi
  87 plants
152 creatures vanquished.

Grand Total: 951 creatures vanquished

Notes
Turn   | Place    | Note
-------+----------+-------------------------------------------
     0 | D:1      | frimble the Octopode Warper began the quest for the Orb.
     0 | D:1      | Reached XP level 1. HP: 14/14 MP: 3/3
   115 | D:1      | Reached skill level 1 in Stealth
   306 | D:1      | Reached XP level 2. HP: 11/19 MP: 5/5
   540 | D:1      | Found a faded altar of an unknown god.
   950 | D:2      | Found Risiz's Weapon Shoppe.
  1127 | D:2      | Found Isadwot's Antique Weapon Boutique.
  1186 | D:2      | Reached XP level 3. HP: 22/24 MP: 6/6
  1189 | D:2      | Learned a level 2 spell: Blink
  1218 | D:2      | Found Deid's Book Boutique.
  1306 | D:2      | Found Adiklit's Book Shop.
  2048 | D:3      | Reached XP level 4. HP: 29/29 MP: 7/7
  2077 | D:4      | Found Wysoon's Magic Scroll Shoppe.
  2082 | D:4      | Noticed a centaur
  2091 | D:4      | Noticed an ogre
  2120 | D:3      | Killed a centaur
  2121 | D:3      | Reached XP level 5. HP: 6/34 MP: 0/8
  2209 | D:4      | Found a staircase to the Ecumenical Temple.
  2264 | D:4      | Found a transporter.
  2269 | D:4      | Noticed Maimakterion's ghost (amateur DsCK)
  2317 | D:4      | Found a glowing drain.
  2321 | Sewer    | Entered a sewer
  2633 | Sewer    | Reached skill level 5 in Stealth
  2968 | D:4      | Bought a scroll of magic mapping for 38 gold pieces
  3035 | D:5      | Entered Level 5 of the Dungeon
  3049 | D:5      | Reached XP level 6. HP: 33/39 MP: 7/9
  3053 | D:5      | Learned a level 3 spell: Teleport Other
  3209 | D:5      | Found Aharerau's Serpentskin Sales.
  3209 | D:5      | Noticed a water moccasin
  3260 | D:6      | Noticed a black bear
  3471 | D:4      | Found a transporter.
  3601 | D:5      | Noticed an ice beast
  3617 | D:5      | Killed an ice beast
  3618 | D:5      | Reached XP level 7. HP: 36/45 MP: 6/10
  3623 | D:5      | Reached skill level 5 in Short Blades
  4240 | D:6      | Reached XP level 8. HP: 52/52 MP: 12/12
  4291 | D:7      | Noticed Joseph
  4387 | D:7      | Found a runed translucent door.
  4388 | D:7      | Noticed Crazy Yiuf
  4764 | D:9      | Noticed a manticore
  4775 | D:10     | Entered Level 10 of the Dungeon
  4815 | D:8      | Reached skill level 5 in Translocations
  4815 | D:8      | Reached skill level 1 in Evocations
  5030 | D:8      | Reached XP level 9. HP: 59/59 MP: 15/15
  5044 | D:8      | Reached skill level 1 in Bows
  6986 | D:7      | Noticed a two-headed ogre
  6998 | D:7      | Killed a two-headed ogre
  6999 | D:7      | Reached skill level 5 in Bows
  6999 | D:7      | Reached XP level 10. HP: 47/65 MP: 8/16
  7845 | D:9      | Reached skill level 5 in Fighting
  8712 | D:7      | Killed Joseph
  9032 | D:9      | Reached skill level 5 in Evocations
  9052 | D:9      | Noticed Maggie
  9065 | D:9      | Killed Maggie
  9272 | D:9      | Reached skill level 10 in Short Blades
  9552 | D:9      | Found a shimmering blue altar of Sif Muna.
  9697 | D:9      | Found a glowing silver altar of Zin.
  9698 | D:9      | Found a shadowy altar of Dithmenos.
  9698 | D:9      | Found a broken altar of Ashenzari.
  9698 | D:9      | Found an ornate altar of the Wu Jian Council.
  9698 | D:9      | Found a bloodstained altar of Trog.
  9699 | D:9      | Found a blossoming altar of Fedhas.
  9701 | D:9      | Found a sacrificial altar of Ru.
  9702 | D:9      | Found a glowing golden altar of the Shining One.
  9952 | D:10     | Reached XP level 11. HP: 74/74 MP: 17/17
 10003 | D:10     | Paralysed by an orc warrior for 2 turns
 10152 | D:10     | Found a transporter.
 10152 | D:10     | Noticed a centaur warrior
 10152 | D:10     | Noticed porpoise's ghost (journeyman DECj)
 10154 | D:10     | Noticed a two-headed ogre
 10192 | D:10     | Found the +7 Kryia's mail coat {PotionHeal*2 rC+}
 10194 | D:10     | Found a staircase to the Orcish Mines.
 10276 | D:10     | Found Butyozuv's Armour Boutique.
 10468 | D:4      | Bought a scroll of acquirement for 572 gold pieces
 10468 | D:4      | Acquired the ring "Symenn" {rPois rC+ rCorr Str+2}
 10617 | D:10     | Found a staircase to the Lair.
 10895 | D:10     | Found a transporter.
 11841 | D:11     | Noticed a brown ugly thing
 11855 | D:11     | Killed a brown ugly thing
 12234 | D:11     | Noticed a two-headed ogre
 12242 | D:11     | Killed a two-headed ogre
 12538 | D:11     | Found a shimmering blue altar of Sif Muna.
 12699 | Temple   | Entered the Ecumenical Temple
 12734 | Temple   | Became a worshipper of Cheibriados the Contemplative
 12858 | Lair:1   | Entered Level 1 of the Lair of Beasts
 13002 | Lair:1   | Reached skill level 1 in Shields
 13002 | Lair:1   | Reached skill level 1 in Invocations
 13084 | Lair:1   | Noticed a six-headed hydra
 13198 | Lair:2   | Noticed Fannar
 13212 | Lair:2   | Reached XP level 12. HP: 37/84 MP: 14/18
 13242 | Lair:2   | Reached * piety under Cheibriados
 13248 | Lair:2   | Reached skill level 2 in Shields
 13266 | Lair:2   | Found a gate leading to a gauntlet.
 13275 | Gauntlet | Entered a Gauntlet
 13275 | Gauntlet | Found a transporter.
 13275 | Gauntlet | Found a transporter.
 13275 | Gauntlet | Found a transporter.
 13275 | Gauntlet | Found a transporter.
 13433 | Gauntlet | Found a transporter.
 13435 | Gauntlet | Found a transporter.
 13437 | Gauntlet | Noticed a hell beast
 13444 | Gauntlet | Found a transporter.
 13447 | Gauntlet | Found a transporter.
 13462 | Gauntlet | Found a transporter.
 13463 | Gauntlet | Found a transporter.
 13463 | Gauntlet | Noticed a hell beast
 13466 | Gauntlet | Found the +8 demon trident "Rift" {distort, reach+}
 13481 | Gauntlet | Found a transporter.
 13485 | Gauntlet | Found a transporter.
 13485 | Gauntlet | Noticed an entropy weaver
 13747 | Gauntlet | Killed an entropy weaver
 14063 | Gauntlet | Identified the +0 helmet "Doesakol" {SInv}
 14072 | Gauntlet | Noticed a minotaur
 14077 | Gauntlet | Was placed under penance by Cheibriados
 14093 | Gauntlet | Killed a minotaur
 14094 | Gauntlet | Reached skill level 10 in Stealth
 14139 | Gauntlet | Identified the +0 robe "Xaet" {Str+4}
 14232 | Lair:2   | Was forgiven by Cheibriados
 14233 | Lair:2   | Reached skill level 3 in Shields
 14259 | Lair:2   | Found a staircase to the Snake Pit.
 14773 | Lair:2   | Identified the +7 morningstar of Collusion {distort, rC+}
 14832 | Lair:2   | Found a staircase to the Shoals.
 14875 | Lair:2   | Killed Fannar
 14876 | Lair:2   | Reached skill level 5 in Throwing
 15338 | Lair:3   | Reached skill level 4 in Shields
 15344 | Lair:3   | Reached ** piety under Cheibriados
 15488 | Lair:3   | Reached skill level 5 in Invocations
 15496 | Lair:3   | Reached XP level 13. HP: 29/90 MP: 3/19
 15749 | Lair:3   | Noticed mathmaestro's ghost (journeyman TrMo)
 15750 | Lair:3   | Found a runed translucent gate.
 15751 | Lair:3   | Found a runed translucent gate.
 15751 | Lair:3   | Found a runed translucent gate.
 15992 | Lair:3   | Reached skill level 5 in Shields
 16079 | Lair:3   | Reached *** piety under Cheibriados
 17028 | Lair:4   | Reached skill level 10 in Fighting
 17219 | Lair:4   | Reached **** piety under Cheibriados
 17224 | Lair:4   | Reached skill level 6 in Shields
 17736 | Lair:4   | Reached skill level 7 in Shields
 18039 | Lair:5   | Noticed Josephine
 18057 | Lair:5   | Killed Josephine
 18057 | Lair:5   | Reached ***** piety under Cheibriados
 18390 | Lair:5   | Noticed Rupert
 18668 | Lair:5   | Reached skill level 8 in Shields
 19087 | Lair:6   | Entered Level 6 of the Lair of Beasts
 19260 | Lair:6   | Found a runed translucent door.
 19260 | Lair:6   | Found a viscous altar of Jiyva.
 19514 | Lair:6   | Reached XP level 14. HP: 96/99 MP: 15/20
 19710 | Lair:6   | Reached skill level 9 in Shields
 20028 | Lair:6   | Found a staircase to the Slime Pits.
 20144 | Lair:6   | Reached skill level 10 in Shields
 20712 | Lair:6   | Reached skill level 11 in Shields
 20817 | Lair:6   | Found the +8 trident of the Octopus King {venom, rElec
                  | rPois Will+}
 20945 | Lair:6   | Reached skill level 12 in Shields
 21046 | Lair:6   | Reached ****** piety under Cheibriados
 21628 | D:10     | Reached XP level 15. HP: 93/103 MP: 10/21
 21632 | D:10     | Killed porpoise's ghost
 21633 | D:10     | Reached skill level 13 in Shields
 21871 | D:12     | Found a blossoming altar of Fedhas.
 22073 | D:12     | Noticed Nessos
 22080 | D:12     | Killed Nessos
 22579 | D:12     | HP: 5/103 [skeletal warrior[a skeletal warrior] (26)]
 22889 | D:13     | Reached skill level 14 in Shields
 23331 | D:14     | Found a gate to the Vaults.
 23698 | D:14     | Noticed an angel
 23699 | D:14     | Found a glowing silver altar of Zin.
 23912 | D:14     | Reached skill level 15 in Shields
 23929 | D:14     | Learned a level 6 spell: Statue Form
 24044 | D:14     | Reached skill level 1 in Transmutations
 24044 | D:14     | Reached skill level 1 in Earth Magic
 24144 | D:15     | Entered Level 15 of the Dungeon
 24167 | D:15     | Found Lanasch's Magic Scroll Shop.
 24361 | D:15     | Reached XP level 16. HP: 109/109 MP: 22/22
 24843 | Orc:1    | Entered Level 1 of the Orcish Mines
 24902 | Orc:2    | Entered Level 2 of the Orcish Mines
 24924 | Orc:2    | Reached skill level 5 in Dodging
 25033 | Orc:1    | Found a dark tunnel.
 25038 | Volcano  | Entered a volcano
 25897 | Orc:2    | Found a staircase to the Elven Halls.
 25908 | Orc:2    | Noticed Jorgrun
 25922 | Orc:2    | Killed Jorgrun
 25979 | Orc:2    | Noticed Nergalle
 25995 | Orc:2    | Killed Nergalle
 26029 | Orc:2    | Noticed Blork the orc
 26032 | Orc:2    | Killed Blork the orc
 26109 | Orc:2    | Found Wixayjiz's General Store.
 26140 | Orc:2    | Found Quaqut's Antique Armour Emporium.
 26146 | Orc:2    | Found Jacwidad's Book Emporium.
 26158 | Orc:2    | Found Birph's Antique Weapon Emporium.
 26228 | Orc:2    | Bought 2 potions of heal wounds for 160 gold pieces
 26228 | Orc:2    | Bought a book of Party Tricks for 480 gold pieces
 26511 | Orc:2    | Noticed Azrael
 26523 | Orc:2    | Killed Azrael
 27535 | Snake:1  | Entered Level 1 of the Snake Pit
 27626 | Snake:1  | Found a frozen archway.
 27651 | IceCv    | Entered an ice cave
 27676 | IceCv    | Found the +4 skin of Zhor {*Englaciate rC+++ SInv}
 27693 | IceCv    | Reached skill level 5 in Earth Magic
 27764 | IceCv    | Reached skill level 5 in Transmutations
 27800 | IceCv    | Reached skill level 10 in Invocations
 28013 | IceCv    | Reached XP level 17. HP: 115/115 MP: 24/24
 28111 | IceCv    | Noticed a shard shrike
 28124 | IceCv    | Killed a shard shrike
 28162 | IceCv    | Identified the +0 crystal plate armour "Gierauss" {Contam
                  | Dex+7}
 28570 | Snake:1  | Annihilated by a naga warrior

Illustrated notes

Levels and vault maps discovered:
D:1:      minmay_arrival_four_circles, layout_basic,
          ebering_ecumenical_altar_rust, minmay_misc_feat_chi
D:2:      layout_basic, serial_shops, nicolae_shop_crystal,
          nicolae_shop_statue_plus, nicolae_shop_trees, nicolae_shop_crystal,
          chequers_serial_rivers_micro_b, grunt_ministairs_2,
          minmay_tree_intersection, minmay_strange_pillars
D:3:      layout_rooms
D:4:      layout_cave_pools, minmay_temple_entry_statues,
          gammafunk_ghost_mausoleum, gup_sewer_entry_bowl, serial_shops, shop,
          hangedman_abyss_or_decor_lesser_grid
D:5:      layout_rooms, chequers_mini_garden, guppyfry_shop_venom
D:6:      layout_cave_pods
D:7:      layout_cave_pools, minmay_manual_macuahuitl, uniq_joseph,
          uniq_crazy_yiuf_cottage
D:8:      layout_rooms
D:9:      layout_irregular_city, minitemple, minmay_fractal_squares_5,
          uniq_maggie
D:10:     layout_rooms, lair_entry_dummy, orc_0_dummy, serial_shops, shop,
          gammafunk_ghost_arena
D:11:     layout_roguey, grunt_ministairs_1, minmay_misc_feat_ornament,
          kennysheep_big_empty_room, led_sif_pool
D:12:     layout_layer_cave, grunt_ministairs_2, fedhas_altar_2, uniq_nessos
D:13:     layout_basic
D:14:     layout_basic, erik_vaults_1, zin_angel, library_closet
D:15:     gammafunk_depths_entry_grave, layout_grid_maze, serial_shops,
          shop_scrolls, hangedman_decor_lopped, uniq_roxanne
Temple:   cyrus_circular_temple
Lair:1:   layout_regular_city, hibernation_bobbens, grunt_megastairs_1
Lair:2:   layout_cave_pods, elwin_shoals_entry_rocks,
          minmay_snake_entry_six_corridors, gauntlet_entry_generic,
          st_stairs_10, uniq_fannar
Lair:3:   layout_cave_pods, gammafunk_ghost_split, st_stairs_8,
          grunt_megastairs_4, lemuel_fruit_tree
Lair:4:   layout_roguey
Lair:5:   layout_roguey, serial_bayou_pond_a, serial_bayou_shore_a,
          lemuel_fruit_fields, uniq_josephine, uniq_rupert
Lair:6:   gammafunk_lair_ancient_temple, layout_long_grid, slime_altar_2,
          roderic_batcave
Snake:1:  layout_gridlike, portal_ice_cave_entry_ugly_swarm, grunt_ministairs_15
Orc:1:    layout_diamond_mine, enter_volcano_4
Orc:2:    grunt_orc_cross, layout_diamond_mine, uniq_azrael, uniq_jorgrun

Skill      XL: |  1  2  3  4  5  6  7  8  9 10 11 12 13 14 15 16 17 |
---------------+----------------------------------------------------+-----
Stealth        | 1 2 3 4 5 6 9 10 12 | 12.0
Short Blades   | 3 4 5 6 8 10 11 13 14 | 14.0
Dodging        | 3 4 7 |  7.7
Fighting       | 3 4 6 8 9 10 | 10.0
Spellcasting   | 3 4 |  4.0
Translocations | 4 5 |  5.0
Evocations     | 2 5 6 |  6.0
Bows           | 5 6 |  6.0
Throwing       | 3 5 6 7 |  7.1
Shields        | 1 4 8 12 15 | 15.0
Invocations    | 1 5 6 8 10 | 10.6
Transmutations | 1 5 6 |  6.2
Earth Magic    | 1 5 6 |  6.2

Action                   |  1- 3 |  4- 6 |  7- 9 | 10-12 | 13-15 | 16-18 || total
-------------------------+-------+-------+-------+-------+-------+-------++-------
Melee: Short sword       |    94 |   116 |   148 |    12 |       |       ||   370
       Constrict         |    13 |    16 |    16 |    73 |   107 |    95 ||   320
       Tentacles         |    17 |    18 |    39 |   145 |   374 |   274 ||   867
       Dagger            |       |       |       |   152 |       |       ||   152
       Rapier            |       |       |       |   283 |   785 |   618 ||  1686
 Fire: Shortbow          |       |       |    98 |   251 |    60 |       ||   409
Throw: Boomerang         |       |       |       |       |    35 |     3 ||    38
       Javelin           |       |       |       |       |       |     5 ||     5
 Cast: Blink             |       |     2 |    17 |    15 |    15 |     1 ||    50
       Teleport Other    |       |       |     1 |       |       |       ||     1
Invok: Slouch            |       |       |       |       |     7 |     5 ||    12
Evoke: Wand              |       |       |     4 |     6 |     9 |     1 ||    20
       Phantom mirror    |       |       |       |       |     3 |     1 ||     4
       Box of beasts     |       |       |       |       |     2 |     2 ||     4
       Tin of tremorston |       |       |       |       |       |     2 ||     2
  Use: Scroll            |     3 |     5 |     3 |    16 |     9 |     2 ||    38
       Potion            |       |     5 |     2 |     5 |     1 |     1 ||    14
 Stab: Sleeping          |    12 |    12 |     5 |     9 |    22 |    16 ||    76
       Paralysed         |       |       |     3 |       |     2 |       ||     5
       Distracted        |       |       |     1 |     3 |     2 |     5 ||    11
Armor: Skin              |    24 |    61 |    50 |   130 |   192 |    78 ||   535
Dodge: Dodged            |    48 |   109 |    98 |   311 |   446 |   255 ||  1267
Block: Kite shield       |       |       |       |       |       |   396 ||   396

Table legend: (Time is in decaauts)
 A = Elapsed time spent in this place.
 B = Non-inter-level travel time spent in this place.
 C = Inter-level travel time spent in this place.
 D = Time resting spent in this place.
 E = Time spent auto-exploring this place.
 F = Levels seen in this place.
 G = Mean time per level.
                   A        B        C        D        E       F      G
               +--------+--------+--------+--------+--------+-----+--------+
         Total |  35749 |  32772 |   2977 |   1024 |  24949 |  29 | 1232.7 |
       Dungeon |  17564 |  15586 |   1978 |    431 |  12075 |  15 | 1170.9 |
        Temple |     49 |     29 |     20 |      0 |     21 |   1 |   49.0 |
          Lair |  11760 |  11066 |    694 |    322 |   8817 |   6 | 1960.0 |
     Snake Pit |    565 |    565 |      0 |      0 |    432 |   1 |  565.0 |
  Orcish Mines |   2736 |   2453 |    283 |      0 |   1732 |   2 | 1368.0 |
         Sewer |    626 |    626 |      0 |      0 |    492 |   1 |  626.0 |
      Ice Cave |    991 |    991 |      0 |      0 |    666 |   1 |  991.0 |
       Volcano |    417 |    417 |      0 |      0 |    192 |   1 |  417.0 |
      Gauntlet |   1036 |   1036 |      0 |    271 |    521 |   1 | 1036.0 |
               +--------+--------+--------+--------+--------+-----+--------+

Top non-repeatable levels by time:
  Lair:5: 3047 daAuts
  Lair:3: 2106 daAuts
  Lair:6: 1967 daAuts
  Lair:1: 1722 daAuts
   Orc:2: 1718 daAuts
    D:14: 1707 daAuts
  Lair:2: 1685 daAuts
     D:6: 1615 daAuts
    D:12: 1614 daAuts
    D:10: 1504 daAuts
     D:9: 1486 daAuts
     D:7: 1379 daAuts
  Lair:4: 1231 daAuts
    D:11: 1215 daAuts
     D:8: 1208 daAuts
